 Dungeon Crawl Stone Soup version 0.23.2 (webtiles) character file.

Game seed: 7043888704205313243

139 crawlian the Shield-Bearer (level 5, -4/42 HPs)
             Began as a Formicid Fighter on Apr 10, 2019.
             Splashed by a jelly's acid (5 damage)
             ... on level 5 of the Dungeon.
             The game lasted 00:02:53 (968 turns).

crawlian the Shield-Bearer (Formicid Fighter)        Turns: 968, Time: 00:02:53

Health: -4/42      AC:  4    Str: 21    XL:     5   Next: 46%
Magic:  5/5        EV:  4    Int:  8    God:
Gold:   143        SH:  9    Dex: 10    Spells: 4/4 levels left

rFire    . . .     SeeInvis +   a - +0 long sword
rCold    . . .     Gourm    .   c - +0 shield
rNeg     . . .     Faith    .   j - +0 plate armour
rPois    .         Spirit   .   (helmet unavailable)
rElec    .         Reflect  .   (no cloak)
rCorr    .         Harm     .   (no gloves)
MR       .....                  (no boots)
Stlth    ..........             (no amulet)
HPRegen  0.14/turn              e - -3 ring of protection (curse)
MPRegen  0.09/turn              (no ring)

@: corroded
A: permanent stasis, dig shafts and tunnels, four strong arms, antennae 3
a: Dig, Shaft Self


You were on level 5 of the Dungeon.
You were not hungry.

You visited 1 branch of the dungeon, and saw 5 of its levels.

You collected 143 gold pieces.

Inventory:

Hand Weapons
 a - a +0 long sword (weapon)
Armour
 b - a +0 scale mail
 c - a +0 shield (worn)
 j - a +0 plate armour (worn)
Jewellery
 e - a cursed -3 ring of protection (left hand)
Scrolls
 g - 4 scrolls of identify {unknown}
 o - a scroll of enchant armour {unknown}
 p - a scroll of immolation {unknown}
Potions
 d - 2 potions of might
 h - a potion of resistance {unknown}
 i - 2 potions of flight {unknown}
 k - a potion of mutation {unknown}
 l - a potion of invisibility {unknown}
 m - a potion of brilliance {unknown}
Comestibles
 f - 3 rations
 n - 2 chunks of flesh


   Skills:
 + Level 4.0 Fighting
 + Level 3.7 Long Blades
 + Level 3.6 Armour
 + Level 4.8 Shields


You had 4 spell levels left.
You didn't know any spells.
Your spell library was empty.

Dungeon Overview and Level Annotations

Branches:
Dungeon (5/15)
 Temple: D:4-7

Altars:
Ashenzari

Annotations:
D:4 exclusion: upstairs
D:5 exclusion: upstairs


Innate Abilities, Weirdness & Mutations

You cannot be hasted, slowed, berserked, paralysed or teleported.
You can dig through walls and to a lower floor.
Your four strong arms can wield two-handed weapons with a shield.
You have a pair of large antennae on your head. (SInv)


Message History

You are too injured to fight recklessly!
You are too injured to fight recklessly!
You hit the jelly.
Your hands burn!
The jelly is heavily wounded.
The jelly jiggles.
The jelly hits you but does no damage.
You hit the jelly.
Your hands burn!
* * * LOW HITPOINT WARNING * * *
The jelly is severely wounded.
You block the jelly's attack. The jelly hits you.
* * * LOW HITPOINT WARNING * * *
You are splashed with acid!
* * * LOW HITPOINT WARNING * * *
You hit the jelly but do no damage.
Your hands burn!
* * * LOW HITPOINT WARNING * * *
The jelly is severely wounded.
The jelly hits you but does no damage.
Unknown command.
You hit the jelly.
Your hands burn!
You die...

#..###..# #..#_'..#
###########..###..#
#....)...........##
#.#########......#
#..<........######
####......####.#
#####......# #.#
#=#.#......# #@#
##(#.+.....##...J.#
##?#.##.>..##.....#
##$#°########.....#
##$#○# #.....# .#.
#...... #...$..
####..○.


You could see a jelly.

Vanquished Creatures
  A hound (D:5)
  4 adders
  An ooze (D:3)
  An adder skeleton (D:4)
  3 worms
  A dart slug (D:2)
  4 leopard geckos
  2 orcs (D:4)
  6 bats
  A giant cockroach (D:1)
  3 goblins
  6 hobgoblins
  6 jackals
  3 frilled lizards
  4 kobolds
  7 rats
53 creatures vanquished.

Notes
Turn   | Place    | Note
-------+----------+-------------------------------------------
     0 | D:1      | crawlian the Formicid Fighter began the quest for the Orb.
     0 | D:1      | Reached XP level 1. HP: 18/18 MP: 1/1
    41 | D:1      | Reached XP level 2. HP: 15/24 MP: 2/2
   207 | D:1      | Reached XP level 3. HP: 20/30 MP: 3/3
   410 | D:2      | Reached XP level 4. HP: 20/37 MP: 4/4
   636 | D:3      | Reached XP level 5. HP: 32/42 MP: 5/5
   907 | D:4      | Noticed an ogre
   920 | D:5      | Entered Level 5 of the Dungeon
   951 | D:5      | Found a shattered altar of Ashenzari.
   966 | D:5      | HP: 2/42 [acid (8)]
   968 | D:5      | Splashed by a jelly's acid

Skill      XL: |  1  2  3  4 |
---------------+-------------+-----
Shields        | 4 |  4.8
Fighting       | 4 |  4.0
Long Blades    | 3 |  3.7
Armour         | |  3.6

Action                   |  1- 3 |  4- 6 || total
-------------------------+-------+-------++-------
Melee: Long sword        |    88 |    94 ||   182
 Abil: Dig               |       |     4 ||     4
  Eat: Chunk             |       |     2 ||     2
Armor: Scale mail        |    13 |       ||    13
       Plate armour      |    17 |    48 ||    65
Dodge: Dodged            |    34 |    14 ||    48
Block: Shield            |    49 |    47 ||    96
       Rpst.: Long sword |    15 |     5 ||    20
